 Dungeon Sprint DCSS version 0.31-a0-150-g89dc3ad700 (webtiles) character file.

Game seed: 349271793270507428

3917 rocky1 the Severer (level 10, -7/123 HPs)
             Began as an Ogre Gladiator on June 9, 2023.
             Was an Initiate of Gozag.
             Mangled by a merfolk
             ... wielding a +0 trident
              (8 damage)
             ... in the Dungeon (Sprint VII: "The Pits").
             The game lasted 00:06:14 (3642 turns).

rocky1 the Severer (Ogre Gladiator)                 Turns: 3642, Time: 00:06:15

Health: -7/123     AC:  4    Str: 24    XL:     10   Next: 20%
Magic:  10/10      EV: 11    Int:  9    God:    Gozag
Gold:   299        SH:  0    Dex: 10    Spells: 9/9 levels left

rFire   . . .        t - +16 consecrated labrys {holy, Valiant Fragile Fly SInv}
rCold   . . .        (no shield)
rNeg    . . .        b - +0 robe
rPois   .            c - +0 hat
rElec   .            v - +0 cloak
rCorr   .            (gloves unavailable)
SInv    +            (boots unavailable)
Will    +....        (no amulet)
Stlth   +            (no ring)
HPRegen 0.40/turn    (no ring)
MPRegen 0.12/turn

%: no teleportation
@: gold aura, flying
A: large, unfitting armour, tough skin 1
a: Renounce Religion, Potion Petition, Call Merchant, Bribe Branch


You were in the Dungeon.
You worshipped Gozag.
Gozag was aware of your devotion.
You visited 1 branch You collected 2340 gold pieces.
You spent 348 gold pieces at shops.
You paid 1693 gold pieces to Gozag.

Inventory:

Hand Weapons
 a - a +0 war axe
 o - a +0 heavy flail
 t - the +16 consecrated labrys (weapon) {holy, Valiant Fragile Fly SInv}
   (You found it in the Dungeon)

   Valiant:   It becomes more powerful as more dangerous foes come into view.
   SInv:      It lets you see invisible.
   Fly:       It grants you flight.
   Fragile:   It will be destroyed if unequipped.
 u - the +2 morningstar "Vuthregru" {venom, *Rage Int+6}
   (You found it in the Dungeon)

   Int:       It affects your intelligence (+6).
   *Rage:     It berserks you when you make melee attacks (+20% chance).
Missiles
 d - 2 throwing nets (quivered)
 e - a large rock
 h - 14 poisoned darts
Armour
 b - a +0 robe (worn)
 c - a +0 hat (worn)
 v - a +0 cloak (worn)
Jewellery
 g - a +3 ring of protection
 j - a +3 ring of strength
Scrolls
 k - a scroll of blinking
 m - 5 scrolls of amnesia
 n - a scroll of butterflies
Potions
 f - 9 potions of curing
 i - 4 potions of magic
 p - 5 potions of heal wounds
 q - a potion of haste
 r - 2 potions of brilliance
 s - a potion of mutation
 w - a potion of resistance


   Skills:
 + Level 14.3 Fighting
 * Level 15.5(16.0) Axes
 - Level 6.2(11.1) Maces & Flails
 + Level 8.8 Throwing
 + Level 5.1 Armour
 + Level 6.4 Dodging


You had 9 spell levels left.
You didn't know any spells.
Your spell library was empty.

Dungeon Overview and Level Annotations

Branches:
Dungeon (1/1)

Altars:
Ashenzari
Cheibriados
Dithmenos
Elyvilon
Fedhas
Gozag
Hepliaklqana
Kikubaaqudgha
Makhleb
Nemelex Xobeh
Okawaru
Qazlal
Ru
Sif Muna
Trog
Uskayaw
Vehumet
Wu Jian
Xom
Yredelemnul
Zin
The Shining One
Jiyva
Lugonu

Shops:
D ![

Annotations:
D Sonja


Innate Abilities, Weirdness & Mutations

You are too large for most types of armour.
You have tough skin. (AC +1)


Message History

Sonja hits you with a +2 short sword of venom.
* * * LOW HITPOINT WARNING * * *
You are more poisoned.
The blink frog hits you!
* * * LOW HITPOINT WARNING * * *
Sonja hits you with a +2 short sword of venom.
* * * LOW HITPOINT WARNING * * *
You are more poisoned.
Sonja hits you with a +2 short sword of venom.
* * * LOW HITPOINT WARNING * * *
You are more poisoned.
Sonja hits you with a +2 short sword of venom.
* * * LOW HITPOINT WARNING * * *
You are more poisoned.
The merfolk hits you from afar with a +0 trident.
* * * LOW HITPOINT WARNING * * *
You feel better. The blink frog hits you.
* * * LOW HITPOINT WARNING * * *
The blink frog blinks!
Sonja casts a spell.
Sonja blinks!
The blink frog is distracted by your dazzling golden aura.
The blink frog blinks!
The merfolk barely misses you.
The blink frog is distracted by your dazzling golden aura.
The blink frog croaks.
Unknown command.
You feel much better.
You feel yourself speed up. The blink frog hits you!
* * * LOW HITPOINT WARNING * * *
The blink frog blinks!
Sonja casts a spell.
Sonja blinks!
The merfolk hits you from afar with a +0 trident!!
* * * LOW HITPOINT WARNING * * *
Sonja casts a spell.
Sonja blinks!
The merfolk hits you from afar with a +0 trident!
You die...
Your body crumbles into a pile of gold.

.....∩....∩.....#
###'#####''######
.......##''# ### ##
.......##..## .. ..+
.......##...##.. ..#
...<...###...##'##..##
.......# ##...Fm.K...#
.......###..###F###...
.......##..##[F§@K##
#########..[).[§.§.+
#########..##.[...##
..#..[.###..###+###...
..#..[[# ##..........#
..'..).###...##+##..##
..#...)##...##
..#..))##..##
###########


You could see a merfolk, 3 blink frogs and Sonja.

Vanquished Creatures
  A death yak (D)
  An orc knight (D)
  A deep elf pyromancer (D)
  An elephant (D)
  A gargoyle (D)
  A komodo dragon (D)
  A guardian mummy (D)
  A blink frog (D)
  A floating eye (D)
  A water moccasin (D)
  3 orc warriors (D)
  An ice beast (D)
  2 kobold brigands (D)
  2 bullfrogs (D)
  A scorpion (D)
  A quasit (D)
  A hound (D)
  An iguana (D)
  2 orc wizards (D)
  2 gnolls (D)
  An adder (D)
  An ufetubus (D)
  An adder zombie (D)
  5 orcs (D)
  A giant cockroach (D)
  A hobgoblin (D)
  4 jackals (D)
  A giant cockroach zombie (D)
  A rat (D)
42 creatures vanquished.

Vanquished Creatures (others)
  A wind drake (D)
1 creature vanquished.

Grand Total: 43 creatures vanquished

Notes
Turn   | Place    | Note
-------+----------+-------------------------------------------
     0 | D        | rocky1 the Ogre Gladiator began the quest for the Orb.
     0 | D        | Reached XP level 1. HP: 22/22 MP: 1/1
    23 | D        | Reached skill level 4 in Axes
   142 | D        | Found a bloodstained altar of Trog.
   142 | D        | Found a shimmering blue altar of Sif Muna.
   142 | D        | Found a viscous altar of Jiyva.
   142 | D        | Found a hazy altar of Hepliaklqana.
   142 | D        | Found an opulent altar of Gozag.
   143 | D        | Found a glowing golden altar of the Shining One.
   143 | D        | Found a glowing silver altar of Zin.
   143 | D        | Found a basalt altar of Yredelemnul.
   143 | D        | Found a shimmering altar of Xom.
   143 | D        | Found an ornate altar of the Wu Jian Council.
   143 | D        | Found a sacrificial altar of Ru.
   143 | D        | Found a stormy altar of Qazlal.
   143 | D        | Found an iron altar of Okawaru.
   143 | D        | Found a sparkling altar of Nemelex Xobeh.
   143 | D        | Found a burning altar of Makhleb.
   143 | D        | Found a blossoming altar of Fedhas.
   143 | D        | Found a white marble altar of Elyvilon.
   143 | D        | Found a shadowy altar of Dithmenos.
   143 | D        | Found a snail-covered altar of Cheibriados.
   146 | D        | Found a corrupted altar of Lugonu.
   146 | D        | Found a radiant altar of Vehumet.
   147 | D        | Found an ancient bone altar of Kikubaaqudgha.
   147 | D        | Found a hide-covered altar of Uskayaw.
   147 | D        | Found a broken altar of Ashenzari.
   150 | D        | Became a worshipper of Gozag Ym Sagoz the Greedy
   190 | D        | Reached skill level 5 in Axes
   190 | D        | Reached XP level 2. HP: 17/33 MP: 2/2
   430 | D        | Reached skill level 5 in Fighting
   430 | D        | Reached XP level 3. HP: 22/42 MP: 3/3
   691 | D        | Noticed a scorpion
   691 | D        | Noticed a floating eye
   694 | D        | Killed a scorpion
   695 | D        | Reached skill level 7 in Axes
   695 | D        | Reached XP level 4. HP: 55/55 MP: 4/4
   696 | D        | Killed a floating eye
   697 | D        | Reached skill level 8 in Axes
   697 | D        | Reached XP level 5. HP: 63/63 MP: 5/5
   914 | D        | Reached skill level 9 in Axes
  1078 | D        | Noticed a kobold brigand
  1078 | D        | Noticed an ice beast
  1092 | D        | Killed a kobold brigand
  1093 | D        | Reached XP level 6. HP: 75/75 MP: 6/6
  1104 | D        | Killed an ice beast
  1105 | D        | Reached skill level 10 in Axes
  1114 | D        | Reached skill level 10 in Fighting
  1122 | D        | Reached skill level 11 in Axes
  1122 | D        | Reached XP level 7. HP: 29/85 MP: 7/7
  1525 | D        | Noticed a deep elf pyromancer
  1527 | D        | Noticed a fire elemental
  1527 | D        | Noticed a fire elemental
  1535 | D        | Killed a deep elf pyromancer
  1536 | D        | Reached skill level 12 in Axes
  1536 | D        | Reached skill level 5 in Maces & Flails
  1536 | D        | Reached skill level 5 in Throwing
  1536 | D        | Reached XP level 8. HP: 70/97 MP: 8/8
  2081 | D        | Noticed a gargoyle
  2081 | D        | Noticed a wind drake
  2095 | D        | Killed a wind drake
  2111 | D        | Killed a gargoyle
  2112 | D        | Reached skill level 13 in Axes
  2513 | D        | Found the +4 consecrated labrys {holy, Valiant Fragile Fly
                  | SInv}
  2544 | D        | Got the +2 morningstar "Vuthregru" {venom, *Rage Int+6}
  2616 | D        | Bought a potion of heal wounds for 60 gold pieces
  2616 | D        | Bought a potion of resistance for 120 gold pieces
  2616 | D        | Bought a potion of heal wounds for 60 gold pieces
  2616 | D        | Bought a potion of curing for 36 gold pieces
  2616 | D        | Bought a potion of curing for 36 gold pieces
  2616 | D        | Bought a potion of curing for 36 gold pieces
  2727 | D        | Noticed an elephant
  2730 | D        | Noticed a guardian mummy
  2737 | D        | Killed an elephant
  2738 | D        | Reached XP level 9. HP: 60/109 MP: 9/9
  2741 | D        | Killed a guardian mummy
  2742 | D        | Reached skill level 14 in Axes
  2886 | D        | Noticed an orc knight
  2888 | D        | Reached skill level 5 in Dodging
  2898 | D        | Killed an orc knight
  3182 | D        | Noticed a komodo dragon
  3190 | D        | Killed a komodo dragon
  3191 | D        | Reached skill level 15 in Axes
  3356 | D        | Noticed a death yak
  3371 | D        | Killed a death yak
  3372 | D        | Reached skill level 5 in Armour
  3372 | D        | Reached XP level 10. HP: 31/122 MP: 10/10
  3629 | D        | Noticed Sonja
  3640 | D        | HP: 2/123 [merfolk/+0 trident (5)]
  3642 | D        | Mangled by a merfolk

Illustrated notes

Levels and vault maps discovered:
D:        pitsprint [storerooms_1, entrance_room_1, metal_vault_5, armoury_3,
          mini_pit_1, grid_room_1, main_hall_1, silver_pit, the_coven_3,
          the_vestibule_1, steel_vault_2, golden_pit, hallway_of_sentries,
          crystal_vault_4, iron_vault_3, final_vault]

Skill      XL: |  1  2  3  4  5  6  7  8  9 |
---------------+----------------------------+-----
Fighting       | 4 5 7 8 9 10 11 12 14 | 14.3
Axes           | 5 7 8 9 11 12 13 15 | 15.5
Throwing       | 3 5 7 8 |  8.8
Armour         | 2 3 5 |  5.1
Dodging        | 3 4 6 |  6.4
Maces & Flails | 2 3 5 6 |  6.2

Action                     |  1- 3 |  4- 6 |  7- 9 | 10-12 || total
---------------------------+-------+-------+-------+-------++-------
  Melee: War axe           |    37 |    43 |    44 |       ||   124
         Labrys            |       |       |    46 |     5 ||    51
         Punch             |       |       |     1 |       ||     1
  Throw: Throwing net      |       |       |       |     1 ||     1
 Invoke: Call Merchant     |       |       |     1 |     1 ||     2
         Potion Petition   |       |       |       |     1 ||     1
    Use: Potion            |     1 |     5 |     7 |     2 ||    15
   Stab: Invisible         |       |       |     6 |       ||     6
 Armour: Robe              |    10 |     8 |     4 |     1 ||    23
  Dodge: Dodged            |    20 |    16 |    31 |     4 ||    71

Table legend: (Time is in decaauts)
 A = Elapsed time spent in this place.
 B = Non-inter-level travel time spent in this place.
 C = Inter-level travel time spent in this place.
 D = Time resting spent in this place.
 E = Time spent auto-exploring this place.
 F = Levels seen in this place.
 G = Mean time per level.
                   A        B        C        D        E       F      G
               +--------+--------+--------+--------+--------+-----+--------+
         Total |   3626 |   3566 |     60 |   3039 |      0 |   1 | 3626.0 |
       Dungeon |   3626 |   3566 |     60 |   3039 |      0 |   1 | 3626.0 |
               +--------+--------+--------+--------+--------+-----+--------+

Top non-repeatable levels by time:
       D: 3626 daAuts
